[Event "58th Akiba Rubinstein D 2022"]
[Site "Polanica-Zdroj"]
[Date "2022.08.15"]
[Round "3.9"]
[White "Blasiak, Miroslaw"]
[Black "Gbiorczyk, Mikolaj"]
[Result "0-1"]
[ECO "B33"]
[WhiteElo "1608"]
[BlackElo "1781"]
[Annotator "NA RC"]
[PlyCount "162"]
[EventDate "2022.08.13"]
[EventCountry "POL"]
[SourceTitle "playchess.com"]
[Source "ChessBase"]
[SourceQuality "1"]
[TimeControl "40/5400+30:1800+30"]

1. e4 c5 2. Nf3 Nc6 3. d4 cxd4 4. Nxd4 Nf6 5. Nc3 e5 6. Ndb5 d6 7. Bg5 a6 8. Na3 b5 9. Bxf6 gxf6 10. Nd5 f5 11. Bd3 Be6 12. Qh5 Rg8 13. g3 Rg5 14. Qd1 Bxd5 15. exd5 Ne7 16. c3 Qb6 17. c4 Qa5+ 18. Qd2 Qxd2+ 19. Kxd2 e4 20. Be2 Bg7 21. Rab1 Bh6 22. Ke1 Kd7 23. f4 Rgg8 24. Kf2 Rgc8 25. Rhd1 b4 26. Nc2 a5 27. b3 Bg7 28. Nd4 Bxd4+ 29. Rxd4 h5 30. Bxh5 Rh8 31. Bxf7 Rxh2+ 32. Ke3 Rah8 33. Rd2 Rxd2 34. Kxd2 Rh2+ 35. Ke3 Rg2 36. Be6+ Kc7 37. Rh1 Rxg3+ 38. Kf2 Rf3+ 39. Ke2 Ng6 40. Rh7+ Kb6 41. Bxf5 Nxf4+ 42. Kd1 Rf1+ 43. Kd2 e3+ 44. Kxe3 Ng2+ 45. Ke4 Rf4+ 46. Kd3 Rxf5 47. Rg7 Ne1+ 48. Ke4 Re5+ 49. Kd4 Nf3+ 50. Kd3 Nh4 51. Rd7 Nf5 52. Rd8 Re3+ 53. Kd2 Rh3 54. Rf8 Rh2+ 55. Kd3 Ne7 56. Re8 Nf5 57. Rf8 Ng3 58. Rc8 Rxa2 59. Rc6+ Kb7 60. Rxd6 Rd2+ 61. Kxd2 Ne4+ 62. Kd3 Nxd6 63. c5 Nb5 64. Kc4 Na3+ 65. Kd4 Kc7 66. Kd3 Kd7 67. Kd4 Ke7 68. Kd3 Kd8 69. Kd4 Kd7 70. Kd3 Kc7 71. Kd4 Nb5+ 72. Kc4 Na7 73. Kd4 Kd7 74. Kc4 Ke7 75. Kd4 Kf6 76. c6 Nc8 77. Kc5 Ke5 78. c7 Nd6 79. c8=Q Nxc8 80. Kb5 Kxd5 81. Kxa5 Kc5 0-1

[Event "58th Akiba Rubinstein D 2022"]
[Site "Polanica-Zdroj"]
[Date "2022.08.15"]
[Round "3.10"]
[White "Penza, Denis"]
[Black "Serewa, Antoni"]
[Result "1/2-1/2"]
[ECO "E73"]
[WhiteElo "1836"]
[BlackElo "1542"]
[Annotator "NA RC"]
[PlyCount "66"]
[EventDate "2022.08.13"]
[EventCountry "POL"]
[SourceTitle "playchess.com"]
[Source "ChessBase"]
[SourceQuality "1"]
[TimeControl "40/5400+30:1800+30"]

1. d4 Nf6 2. c4 g6 3. Nc3 Bg7 4. e4 d6 5. Be2 O-O 6. Bg5 Na6 7. Qd2 e5 8. d5 Qe8 9. f3 Nd7 10. h4 f6 11. Bh6 Qf7 12. Bxg7 Qxg7 13. g4 f5 14. gxf5 gxf5 15. O-O-O Ndc5 16. Nh3 Kh8 17. Rdg1 Qf6 18. Rg5 Bd7 (18... fxe4 $11 19. fxe4 Bd7) 19. Nf2 fxe4 20. Nfxe4 Qf4 21. Qxf4 exf4 (21... Rxf4 $11 {keeps the balance.} 22. Rhg1 Nxe4 23. Nxe4 Bf5) 22. Rhg1 Bf5 23. Nxc5 Nxc5 24. Rg7 Rg8 25. Rxg8+ Rxg8 26. Rxg8+ Kxg8 27. Nb5 a6 28. Nd4 Bh3 $11 29. Kd2 Nd7 30. Kd3 Nc5+ 31. Kc3 Nd7 32. Kd3 Nc5+ 33. Kc3 Nd7 1/2-1/2

[Event "58th Akiba Rubinstein D 2022"]
[Site "Polanica-Zdroj"]
[Date "2022.08.15"]
[Round "3.11"]
[White "Krygiel, Konrad"]
[Black "Sola, Wojciech"]
[Result "1/2-1/2"]
[ECO "B23"]
[WhiteElo "1603"]
[BlackElo "1780"]
[Annotator "NA RC"]
[PlyCount "95"]
[EventDate "2022.08.13"]
[EventCountry "POL"]
[SourceTitle "playchess.com"]
[Source "ChessBase"]
[SourceQuality "1"]
[TimeControl "40/5400+30:1800+30"]

1. e4 c5 2. Nc3 g6 3. g3 Bg7 4. Bg2 Nc6 5. Nge2 e5 6. d3 Nge7 7. O-O O-O 8. f4 d6 9. h3 f5 10. Be3 Rb8 11. Bf2 Be6 12. Qe1 Qd7 13. Kh2 b6 14. Ng1 Kh8 15. Qd2 exf4 16. gxf4 fxe4 17. dxe4 Rxf4 18. Bg3 Rxf1 19. Rxf1 Be5 20. Bxe5+ Nxe5 21. Qg5 N7c6 22. Nge2 Qd8 23. Qg3 Bc4 24. Rf2 Bxe2 25. Nxe2 Rb7 26. Nc3 Rf7 27. Rxf7 Nxf7 28. Nd5 Qg5 29. Qa3 Kg7 30. Qa4 Nd4 31. Qxa7 Ne2 32. Qa3 Qe5+ 33. Kh1 Ng3+ 34. Kg1 Nxe4 35. Bxe4 Qxe4 36. Nxb6 Qxc2 37. Qc3+ Qxc3 38. bxc3 Kf6 39. a4 Ne5 40. a5 Nc6 41. a6 Na7 42. Kf2 g5 43. Ke3 Ke6 44. Ke4 h5 45. c4 g4 46. hxg4 hxg4 47. Nd5 Kd7 48. Nf6+ 1/2-1/2

[Event "58th Akiba Rubinstein D 2022"]
[Site "Polanica-Zdroj"]
[Date "2022.08.15"]
[Round "3.12"]
[White "Liskiewicz, Jakub"]
[Black "Nowicki, Bartosz"]
[Result "1-0"]
[ECO "D10"]
[WhiteElo "1910"]
[BlackElo "2291"]
[Annotator "TA"]
[PlyCount "65"]
[EventDate "2022.08.13"]
[EventCountry "POL"]
[SourceTitle "playchess.com"]
[Source "ChessBase"]
[SourceQuality "1"]
[TimeControl "40/5400+30:1800+30"]

1. d4 d5 2. c4 c6 3. Nc3 Nf6 4. Bf4 dxc4 5. a4 Bf5 6. e3 {[%emt 0:00:25] D10: Slav Defence: 3 cxd5 (without early Nf3) and 3 Nc3.} e6 (6... Qb6 {looks sharper.} 7. Bxc4 Qxb2 8. Rc1 Nbd7) 7. Bxc4 Bd6 8. Bxd6 {[%emt 0:03:52] The position is equal.} Qxd6 9. Nf3 Nbd7 10. O-O O-O {[%emt 0:02:33] [#]} 11. Qe2 $146 ({Predecessor:} 11. h3 Ne4 12. a5 Ndf6 13. Nh4 Bg6 14. Nxg6 hxg6 15. Qc2 Nxc3 16. bxc3 e5 17. Rfb1 {1-0 (57) Yee,P-Li,C Langley 2006}) 11... e5 12. dxe5 Nxe5 13. Rad1 Nxf3+ 14. Qxf3 Qe5 {[%emt 0:02:21] Threatens to win with ...Bg4.} 15. Rd4 {[%emt 0:04:44] Against Bg4} Bg6 16. Rfd1 Bh5 (16... c5 $11 17. Rf4 b6) 17. g4 $14 Bxg4 18. Rxg4 Nxg4 19. Qxg4 {[%emt 0:00:09] Black must now prevent Ne4.} Rad8 20. Rd7 Rxd7 21. Qxd7 Qc5 {[%emt 0:04:31] [#]} (21... Qg5+ $142 22. Kf1 Qh4) 22. b3 $1 $16 {[%emt 0:02:55] White is much more active.} Qg5+ 23. Kf1 Qe5 24. Ne2 Qxh2 (24... b5 $16) 25. Ng3 ({Better is} 25. Qxb7 $18 Qh3+ 26. Kg1) 25... h5 (25... b5 $16 26. axb5 cxb5 27. Bxb5 h5) 26. Nf5 $18 {[%emt 0:05:08][%mdl 1024] White has strong compensation.} Qe5 {[%emt 0:08:09] A mistake that costs the game.} (26... Qh1+ $16 27. Ke2 Qe4) 27. Nd6 Qa1+ 28. Kg2 Qf6 {[%emt 0:02:46] [#]} (28... Qd1 {keeps fighting.} 29. Bxf7+ Kh7 30. Qf5+ Kh8) 29. Nxf7 $1 h4 (29... b5 $2 30. axb5 cxb5 31. Qxb5 $18) (29... Qg6+ $142 30. Ng5+ Kh8) 30. f4 {[%emt 0:03:41] White wants to mate with Ng5+.} Qb2+ 31. Kf3 {[%emt 0:00:35] Qf5 would kill now.} Qf6 {[%emt 0:03:20] Against Qf5} 32. Ng5+ Kh8 33. Qg4 {[%emt 0:00:14] Weighted Error Value: White=0.24 (precise) /Black=0.52} 1-0

[Event "58th Akiba Rubinstein D 2022"]
[Site "Polanica-Zdroj"]
[Date "2022.08.15"]
[Round "3.13"]
[White "Kryzia, Wiktor"]
[Black "Latacz, Grzegorz"]
[Result "1-0"]
[ECO "C15"]
[WhiteElo "1764"]
[BlackElo "1449"]
[Annotator "NA RC"]
[PlyCount "67"]
[EventDate "2022.08.13"]
[EventCountry "POL"]
[SourceTitle "playchess.com"]
[Source "ChessBase"]
[SourceQuality "1"]
[TimeControl "40/5400+30:1800+30"]

1. e4 e6 2. d4 d5 3. Nc3 Bb4 4. Qd3 dxe4 5. Qxe4 Bxc3+ 6. bxc3 Nf6 7. Qh4 b6 8. Bg5 Bb7 9. Nf3 Bxf3 10. gxf3 a6 11. Bd3 c6 12. Be4 Ra7 13. Rb1 b5 14. Rg1 Kf8 15. Qg3 Nxe4 16. fxe4 f6 17. Bf4 Rb7 18. Bd6+ Ke8 19. d5 e5 20. Bxb8 Qxb8 21. dxc6 Rc7 22. Rd1 Rg8 23. Qd3 Qc8 24. Qd5 Ke7 25. Qc5+ Ke8 26. Rd6 Qh3 27. Rg3 Qc8 28. Qd5 Ke7 29. Rd3 Qg4 30. Rd7+ Rxd7 31. cxd7 Rd8 32. Rg3 Qh5 33. Rxg7+ Kf8 34. Qg8# 1-0

[Event "58th Akiba Rubinstein D 2022"]
[Site "Polanica-Zdroj"]
[Date "2022.08.15"]
[Round "3.14"]
[White "Bednarkiewicz, Jakub"]
[Black "Markiewicz, Czeslaw"]
[Result "0-1"]
[ECO "D51"]
[WhiteElo "1545"]
[BlackElo "1750"]
[Annotator "NA RC"]
[PlyCount "86"]
[EventDate "2022.08.13"]
[EventCountry "POL"]
[SourceTitle "playchess.com"]
[Source "ChessBase"]
[SourceQuality "1"]
[TimeControl "40/5400+30:1800+30"]

1. d4 e6 2. c4 d5 3. Nc3 Nf6 4. Bg5 Nbd7 5. Nf3 c6 6. a3 a5 7. e3 Be7 8. Rc1 O-O 9. Bd3 dxc4 10. Bxc4 h6 11. Bh4 b5 12. Bd3 Bb7 13. Bg3 Rc8 14. h3 Qb6 15. O-O Rfd8 16. Ne5 Nxe5 17. dxe5 Nd7 18. Qg4 b4 19. Ne4 c5 20. Nd6 Bxd6 21. exd6 Nf6 22. Qh4 Qc6 23. f3 Qd5 24. Be4 Nxe4 25. fxe4 Qxe4 26. Qxe4 Bxe4 27. axb4 axb4 28. Ra1 f6 29. Ra7 e5 30. d7 Rc6 31. Rd1 Kf7 32. Be1 Ke6 33. Kf2 Rd6 34. Rxd6+ Kxd6 35. g3 Rxd7 36. Rxd7+ Kxd7 37. h4 h5 38. Ke2 Ke6 39. Bd2 Kd5 40. Be1 Kc4 41. Kd2 Kb3 42. Kc1 c4 43. Kd1 Kxb2 0-1

[Event "58th Akiba Rubinstein D 2022"]
[Site "Polanica-Zdroj"]
[Date "2022.08.15"]
[Round "3.15"]
[White "Marek, Grzegorz"]
[Black "Michalik, Marek"]
[Result "1-0"]
[ECO "B03"]
[WhiteElo "1478"]
[BlackElo "1742"]
[Annotator "NA RC"]
[PlyCount "91"]
[EventDate "2022.08.13"]
[EventCountry "POL"]
[SourceTitle "playchess.com"]
[Source "ChessBase"]
[SourceQuality "1"]
[TimeControl "40/5400+30:1800+30"]

1. e4 Nf6 2. e5 Nd5 3. c4 Nb6 4. d4 d6 5. exd6 exd6 6. Nf3 Bg4 7. h3 Bh5 8. Be2 Be7 9. Nc3 O-O 10. O-O Bf6 11. Be3 Re8 12. Rc1 Nc6 13. b3 Bg6 14. a4 d5 15. c5 Nc8 16. Bf4 a6 17. Qd2 h6 18. Rfe1 N8e7 19. Bd3 Bxd3 20. Qxd3 Nb4 21. Qd2 Qd7 22. Be5 Qf5 23. Bxf6 Qxf6 24. Nb5 axb5 25. Qxb4 bxa4 26. bxa4 Nf5 27. Rxe8+ Rxe8 28. Qxb7 Nxd4 29. Nxd4 Qxd4 30. Qxc7 Qxa4 31. c6 Qa3 32. Rb1 Qe7 33. Qf4 g5 34. Qg3 d4 35. c7 d3 36. Rb8 d2 37. Rxe8+ Qxe8 38. Qd6 Qe1+ 39. Kh2 d1=Q 40. c8=Q+ Kh7 41. Qf5+ Kg8 42. Qb8+ Kg7 43. Qb2+ Kg8 44. Qc8+ Kh7 45. Qch8+ Kg6 46. Qbf6+ 1-0

[Event "58th Akiba Rubinstein D 2022"]
[Site "Polanica-Zdroj"]
[Date "2022.08.15"]
[Round "3.16"]
[White "Sleczka, Krzysztof"]
[Black "Ugorek, Kacper"]
[Result "1-0"]
[ECO "B03"]
[WhiteElo "1443"]
[BlackElo "1747"]
[Annotator "NA RC"]
[PlyCount "64"]
[EventDate "2022.08.13"]
[EventCountry "POL"]
[SourceTitle "playchess.com"]
[Source "ChessBase"]
[SourceQuality "1"]
[TimeControl "40/5400+30:1800+30"]

1. e4 Nf6 2. e5 Nd5 3. d4 d6 4. f4 Nb6 5. Nf3 Bf5 6. Bd3 Bxd3 7. Qxd3 e6 8. O-O Nc6 9. a4 a5 10. c3 Be7 11. Nbd2 d5 12. Rf2 Qd7 13. Nb3 Nxa4 14. Rxa4 Nxe5 15. Nxe5 Qxa4 16. Nd2 O-O 17. Ndf3 Qe8 18. Ng5 g6 19. Qh3 h5 20. g4 f6 21. Nxe6 fxe5 22. Nxf8 Bxf8 23. fxe5 Qd7 24. Rg2 a4 25. Qd3 hxg4 26. Qxg6+ Bg7 27. Rxg4 Ra6 28. Qh5 a3 29. bxa3 Qa4 30. Rg2 Rb6 31. Rg4 Ra6 32. Rg2 Rb6 1-0

[Event "58th Akiba Rubinstein D 2022"]
[Site "Polanica-Zdroj"]
[Date "2022.08.15"]
[Round "3.17"]
[White "Pieczulis, Blazej"]
[Black "Bartosik, Dawid"]
[Result "0-1"]
[ECO "A40"]
[WhiteElo "1720"]
[BlackElo "1443"]
[Annotator "NA RC"]
[PlyCount "100"]
[EventDate "2022.08.13"]
[EventCountry "POL"]
[SourceTitle "playchess.com"]
[Source "ChessBase"]
[SourceQuality "1"]
[TimeControl "40/5400+30:1800+30"]

1. d4 e5 2. dxe5 d6 3. exd6 Bxd6 4. g3 Nc6 5. Bg2 Bd7 6. Be3 Qe7 7. Nf3 O-O-O 8. c3 Bc5 9. Bxc5 Qxc5 10. b4 Qe7 11. Nbd2 Nf6 12. O-O Kb8 13. e3 Ne5 14. Qc2 Nxf3+ 15. Bxf3 h5 16. Nb3 h4 17. Nc5 Bc8 18. Rae1 hxg3 19. fxg3 Rh6 20. e4 Rdh8 21. Re2 Ng4 22. Bxg4 Bxg4 23. Ref2 Be6 24. Nxe6 Qxe6 25. Qd3 f6 26. Rd1 b6 27. a4 Qc6 28. a5 b5 29. Ra2 a6 30. Rc2 Qe6 31. Qd5 Qg4 32. Qd3 Qe6 33. Rdd2 f5 34. exf5 Qe1+ 35. Qf1 Qe3+ 36. Qf2 Qg5 37. Qf3 Rf6 38. Rd5 c6 39. Re5 Rhf8 40. Rf2 R8f7 41. Qf4 Qxf4 42. Rxf4 Kc7 43. Kf2 Kd6 44. Rc5 Kc7 45. Ke3 Rf8 46. h4 Re8+ 47. Re4 Ref8 48. g4 g6 49. Kf4 Rd8 50. Kg5 Rdd6 0-1

[Event "58th Akiba Rubinstein D 2022"]
[Site "Polanica-Zdroj"]
[Date "2022.08.15"]
[Round "3.18"]
[White "Jankowski, Franciszek"]
[Black "Bem, Tymoteusz"]
[Result "0-1"]
[ECO "A17"]
[WhiteElo "1483"]
[BlackElo "1679"]
[Annotator "NA RC"]
[PlyCount "44"]
[EventDate "2022.08.13"]
[EventCountry "POL"]
[SourceTitle "playchess.com"]
[Source "ChessBase"]
[SourceQuality "1"]
[TimeControl "40/5400+30:1800+30"]

1. c4 Nf6 2. Nc3 e6 3. Nf3 d5 4. cxd5 exd5 5. d4 h6 6. Bf4 Bd6 7. e3 O-O 8. Bd3 Bxf4 9. exf4 Bg4 10. O-O Qd6 11. h3 Bxf3 12. Qxf3 Nc6 13. Ne2 Rfe8 14. Rad1 Ne4 15. Rfe1 Qf6 16. Bb1 Re7 17. Nc3 Nd2 18. Qxd5 Rxe1+ 19. Rxe1 Nxb1 20. Rxb1 Qxf4 21. Ne2 Qd2 22. Qe4 Rd8 0-1

[Event "58th Akiba Rubinstein D 2022"]
[Site "Polanica-Zdroj"]
[Date "2022.08.15"]
[Round "3.19"]
[White "Ursnik, Patryk"]
[Black "Misiek, Stanislaw"]
[Result "0-1"]
[ECO "C47"]
[WhiteElo "1671"]
[BlackElo "1427"]
[Annotator "NA RC"]
[PlyCount "65"]
[EventDate "2022.08.13"]
[EventCountry "POL"]
[SourceTitle "playchess.com"]
[Source "ChessBase"]
[SourceQuality "1"]
[TimeControl "40/5400+30:1800+30"]

1. e4 e5 2. Nf3 Nc6 3. Nc3 Nf6 4. d4 exd4 5. Nxd4 Nxe4 6. Nxe4 Qe7 7. f3 d5 8. Nxc6 bxc6 9. Bd3 dxe4 10. fxe4 Bd7 11. O-O O-O-O 12. Qh5 f6 13. Be3 c5 14. Ba6+ Kb8 15. Qd5 Bc8 16. Qb3+ Ka8 17. Bxc8 Rxc8 18. Qa4 Qe8 19. Qc4 Rb8 20. a3 Qb5 21. Qf7 Qc6 22. Qc4 Re8 23. Rad1 Bd6 24. Rd5 Re7 25. Bxc5 Rhe8 26. b4 Rxe4 27. Qd3 Re2 28. Rf2 Re1+ 29. Rf1 Bxh2+ 30. Kf2 R8e2+ 31. Kf3 Re8 32. Kf2 R8e2+ 33. Kf3 0-1

[Event "58th Akiba Rubinstein D 2022"]
[Site "Polanica-Zdroj"]
[Date "2022.08.15"]
[Round "3.21"]
[White "Szczepanski, Krzysztof"]
[Black "Szalbierz, Piotr"]
[Result "1-0"]
[ECO "A04"]
[WhiteElo "1790"]
[BlackElo "1407"]
[Annotator "NA RC"]
[PlyCount "74"]
[EventDate "2022.08.13"]
[EventCountry "POL"]
[SourceTitle "playchess.com"]
[Source "ChessBase"]
[SourceQuality "1"]
[TimeControl "40/5400+30:1800+30"]

1. Nf3 f5 2. d4 Nf6 3. e3 e6 4. Be2 Be7 5. Bd2 O-O 6. Nc3 b6 7. O-O Bb7 8. Ne1 d6 9. Bf3 Ne4 10. Nxe4 fxe4 11. Bg4 Rf6 12. c4 d5 13. cxd5 exd5 14. f4 Rg6 15. g3 Bc8 16. Bxc8 Qxc8 17. Rf2 Qf5 18. b4 Nd7 19. b5 Nf6 20. Rg2 Rh6 21. g4 Qe6 22. g5 Rh3 23. gxf6 Qxf6 24. Rc1 Bd6 25. Qe2 Qe6 26. Kh1 Rf8 27. Nc2 Rf6 28. Qg4 Qxg4 29. Rxg4 Rfh6 30. Rg2 Kh8 31. Rcg1 g5 32. Rf1 g4 33. Kg1 Be7 34. Be1 Bd6 35. Bd2 Be7 36. Be1 Bh4 37. Bxh4 R6xh4 1-0

[Event "58th Akiba Rubinstein D 2022"]
[Site "Polanica-Zdroj"]
[Date "2022.08.15"]
[Round "3.22"]
[White "Gawlik, Olivier"]
[Black "Galuszka, Kamil"]
[Result "0-1"]
[ECO "C10"]
[WhiteElo "1384"]
[BlackElo "1976"]
[Annotator "TA"]
[PlyCount "68"]
[EventDate "2022.08.13"]
[EventCountry "POL"]
[SourceTitle "playchess.com"]
[Source "ChessBase"]
[SourceQuality "1"]
[TimeControl "40/5400+30:1800+30"]

1. e4 e6 2. d4 d5 3. Nd2 dxe4 4. Nxe4 Nd7 5. Nf3 Ngf6 6. Nxf6+ Nxf6 7. c3 {[%emt 0:01:34] is currently scoring better than 7.Bd3.} Bd7 {[%emt 0:06:34] [#] C10: French with 3 Nc3: Unusual Black 3rd moves and 3...dxe4.} 8. Be3 $146 ({Predecessor:} 8. Ne5 Bd6 9. Be2 c5 10. O-O {½-½ (10) Kovchan,A (2504)-Baklan,V (2590) Hamburg 2005}) 8... Bc6 9. Be2 Bd6 {[%emt 0:04:31] The position is equal.} 10. O-O O-O 11. Nd2 Nd5 12. Nc4 Qh4 13. Nxd6 {[%emt 0:05:25] Strongly threatening Nc4.} cxd6 14. Qd2 h6 {[%emt 0:03:25] Prevents Bg5.} 15. Bf3 Nf6 16. Bxc6 bxc6 17. Bf4 Rfd8 18. Bg3 Qh5 19. f3 Qb5 20. Rfe1 c5 (20... Nd5 $11) 21. dxc5 (21. Bh4 $14) 21... dxc5 $11 22. Qc2 c4 23. Be5 Nd5 24. Bg3 (24. Re4 $11) 24... Ne7 25. Rad1 $1 Rd5 26. Rxd5 Nxd5 27. a4 Qc6 28. Bf2 a6 29. g3 Rb8 30. f4 Rb3 31. Ra1 $2 ({Better is} 31. f5 $15) 31... Qb7 $40 {[%emt 0:01:27][%mdl 128] Black wants a kill.} 32. Ra2 {[%emt 0:00:22] [#]} (32. Rb1) 32... Qc6 $2 (32... Nxc3 $1 $19 33. Ra3 Rxa3 34. bxa3 Qb3) 33. Ra1 $15 Qb7 $2 {[%mdl 8192] Black is more active.} (33... Nb6 $15 34. Rd1 Qc7) 34. Ra2 $19 {[#]} Nxc3 $1 {[%mdl 512] Weighted Error Value: White=0.33/Black=0.37} 0-1

[Event "58th Akiba Rubinstein D 2022"]
[Site "Polanica-Zdroj"]
[Date "2022.08.15"]
[Round "3.23"]
[White "Boryna, Szymon"]
[Black "Huchwajda, Katarzyna"]
[Result "0-1"]
[ECO "A17"]
[WhiteElo "1434"]
[BlackElo "1768"]
[Annotator "NA RC"]
[PlyCount "102"]
[EventDate "2022.08.13"]
[EventCountry "POL"]
[SourceTitle "playchess.com"]
[Source "ChessBase"]
[SourceQuality "1"]
[TimeControl "40/5400+30:1800+30"]

1. c4 Nf6 2. Nc3 e6 3. e3 d5 4. Nf3 Bd6 5. d4 b6 6. cxd5 exd5 7. Bd3 O-O 8. h3 a6 9. O-O Bb7 10. b3 Re8 11. Re1 Ne4 12. Bxe4 dxe4 13. Nd2 Nd7 14. Nc4 Bb4 15. Bd2 b5 16. Nb2 Bd6 17. a4 c6 18. Ne2 Re6 19. Nf4 Rh6 20. Rc1 Nf6 21. f3 g5 22. fxe4 gxf4 23. e5 Ba3 24. Qc2 Nh5 25. exf4 Qxd4+ 26. Be3 Qxb2 27. Qxb2 Bxb2 28. Rc2 Bxe5 29. fxe5 Rg6 30. Rd2 Re8 31. g4 Ng7 32. Bb6 h5 33. Red1 hxg4 34. Rd7 gxh3+ 35. Kh2 Bc8 36. Rd8 Rge6 37. Rxe8+ Rxe8 38. Rg1 Rxe5 39. Bd4 Re2+ 40. Kh1 Rg2 41. Rd1 Bg4 42. Rf1 Nf5 43. Be5 Ng3+ 44. Bxg3 Rxg3 45. axb5 axb5 46. b4 Rb3 47. Rf4 f5 48. Rd4 Rc3 49. Rd6 Rb3 50. Rd4 Rc3 51. Rd6 Rc2 0-1

[Event "58th Akiba Rubinstein D 2022"]
[Site "Polanica-Zdroj"]
[Date "2022.08.15"]
[Round "3.24"]
[White "Grzebieniowski, Michal"]
[Black "Wieczorek, Maja"]
[Result "1-0"]
[ECO "E69"]
[WhiteElo "1710"]
[BlackElo "1260"]
[Annotator "NA RC"]
[PlyCount "179"]
[EventDate "2022.08.13"]
[EventCountry "POL"]
[SourceTitle "playchess.com"]
[Source "ChessBase"]
[SourceQuality "1"]
[TimeControl "40/5400+30:1800+30"]

1. d4 Nf6 2. c4 g6 3. Nf3 Bg7 4. g3 O-O 5. Bg2 d6 6. O-O Nbd7 7. Nc3 c6 8. e4 e5 9. h3 a5 10. Be3 exd4 11. Nxd4 Nc5 12. Qc2 Bd7 13. Rfd1 Bc8 14. Rf1 Bd7 15. Rfd1 Bc8 16. Rf1 Bd7 17. Rfd1 Bc8 18. Rf1 Bd7 19. Rfd1 Bc8 20. Rf1 Bd7 21. Rfd1 Qc8 22. Kh2 Qd8 23. Kg1 Qc8 24. Kh2 Qd8 25. Kg1 Qc8 26. Kh2 Qc7 27. Kg1 Qc8 28. Kh2 Qc7 29. Kg1 Qc8 30. Kh2 Qc7 31. Kg1 Qc8 32. Kh2 Qc7 33. Nde2 Qd8 34. Nd4 Qc7 35. Nde2 Ne8 36. Nd4 Nf6 37. Nde2 Ne8 38. Nd4 Nf6 39. Nde2 Ne8 40. Bxc5 dxc5 41. Na4 h5 42. Nxc5 Bc8 43. Nd3 Kh7 44. Nc5 Kg8 45. Nd3 Kh7 46. Rac1 Kg8 47. Ra1 Kh7 48. Rac1 Rh8 49. Ra1 Rf8 50. Rac1 Rh8 51. Ra1 Rf8 52. Rac1 Rh8 53. Ra1 Rf8 54. Rac1 Rh8 55. Ra1 Rf8 56. Rac1 Rh8 57. Ra1 Rf8 58. Rac1 Rh8 59. h4 Kg8 60. f4 Nf6 61. Nf2 Ng4+ 62. Nxg4 Bxg4 63. Rd2 Bc8 64. Rdd1 Bg4 65. Rd2 Bc8 66. Rdd1 Bg4 67. Rd2 Re8 68. Nc3 Ra8 69. Ne2 Re8 70. Nc3 Ra8 71. Ne2 Re8 72. Nc3 Bh6 73. e5 Bf5 74. Be4 Bg4 75. Bg2 Bf5 76. Be4 Bg4 77. Bg2 Bf5 78. Be4 Qc8 79. Bxf5 gxf5 80. Rcd1 Kg7 81. Rd7 Rd8 82. Qxf5 Rhf8 83. Qf6+ Kh7 84. Qf5+ Kg7 85. Qf6+ Kh7 86. Rxd8 Qg4 87. Rxf8 Bxf8 88. Qxf7+ Bg7 89. Rd7 b5 90. Qxg7+ 1-0

[Event "58th Akiba Rubinstein D 2022"]
[Site "Polanica-Zdroj"]
[Date "2022.08.15"]
[Round "3.25"]
[White "Tarlowski, Bartosz"]
[Black "Bialik, Nikodem"]
[Result "0-1"]
[ECO "A56"]
[WhiteElo "1324"]
[BlackElo "1638"]
[Annotator "NA RC"]
[PlyCount "51"]
[EventDate "2022.08.13"]
[EventCountry "POL"]
[SourceTitle "playchess.com"]
[Source "ChessBase"]
[SourceQuality "1"]
[TimeControl "40/5400+30:1800+30"]

1. d4 Nf6 2. c4 c5 3. Nf3 g6 4. e3 Bg7 5. Nc3 O-O 6. Bd3 d6 7. h3 Nc6 8. O-O Bd7 9. a3 a6 10. d5 Na7 11. Qe2 e6 12. dxe6 fxe6 13. e4 Nc6 14. Rd1 Qc7 15. Rb1 Nh5 16. Qc2 Nd4 17. Nxd4 Bxd4 18. Be3 Bxe3 19. fxe3 Bc6 20. Ne2 Rf7 21. Rf1 Raf8 22. Rxf7 Rxf7 23. g4 Ng7 24. Nf4 Nh5 25. Ne2 Ng7 26. Nf4 0-1

[Event "58th Akiba Rubinstein D 2022"]
[Site "Polanica-Zdroj"]
[Date "2022.08.15"]
[Round "3.26"]
[White "Stepinski, Piotr"]
[Black "Balcerzak, Robert"]
[Result "1-0"]
[ECO "B02"]
[WhiteElo "1568"]
[BlackElo "1357"]
[Annotator "NA RC"]
[PlyCount "89"]
[EventDate "2022.08.13"]
[EventCountry "POL"]
[SourceTitle "playchess.com"]
[Source "ChessBase"]
[SourceQuality "1"]
[TimeControl "40/5400+30:1800+30"]

1. e4 Nf6 2. Nc3 d5 3. exd5 Nxd5 4. Nxd5 Qxd5 5. Nf3 c5 6. Be2 Nc6 7. d3 e5 8. b3 f6 9. Bb2 Be6 10. Qd2 O-O-O 11. O-O-O g5 12. h3 h5 13. Kb1 Bh6 14. Qc3 g4 15. hxg4 hxg4 16. Nh2 Qxg2 17. Rdg1 Qxf2 18. Nxg4 Qxe2 19. Nxh6 Bd5 20. Re1 Qf2 21. Rhf1 Qh4 22. Nf5 Qb4 23. Qxb4 cxb4 24. Ne3 Rhf8 25. Ng4 Rd6 26. Bxe5 Nxe5 27. Nxe5 Re6 28. Ng6 Rxe1+ 29. Rxe1 Rf7 30. Ne7+ Rxe7 31. Rxe7 a5 32. Kc1 Kd8 33. Rh7 b5 34. Kd2 Bc6 35. Rf7 f5 36. Rxf5 Kc7 37. Rf7+ Kb6 38. c3 bxc3+ 39. Kxc3 b4+ 40. Kd4 Be8 41. Re7 Bh5 42. Re6+ Kb7 43. Re5 Bd1 44. Rxa5 Kb6 45. Rg5 1-0

[Event "58th Akiba Rubinstein D 2022"]
[Site "Polanica-Zdroj"]
[Date "2022.08.15"]
[Round "3.27"]
[White "Kicinski, Igor"]
[Black "Grzelak, Piotr"]
[Result "0-1"]
[ECO "C10"]
[WhiteElo "1302"]
[BlackElo "1684"]
[Annotator "NA RC"]
[PlyCount "118"]
[EventDate "2022.08.13"]
[EventCountry "POL"]
[SourceTitle "playchess.com"]
[Source "ChessBase"]
[SourceQuality "1"]
[TimeControl "40/5400+30:1800+30"]

1. e4 e6 2. d4 d5 3. Nd2 dxe4 4. Nxe4 Bd7 5. Nf3 Bc6 6. Ng3 Nf6 7. Be2 Bd6 8. c3 Nbd7 9. b4 a6 10. a4 O-O 11. O-O Re8 12. Bb2 e5 13. dxe5 Nxe5 14. Nf5 Qd7 15. N3d4 Be4 16. Nxd6 Qxd6 17. b5 Rad8 18. Ba3 Qd5 19. f3 Bg6 20. Qb3 Qxb3 21. Nxb3 axb5 22. axb5 Nd5 23. Rfc1 Bd3 24. Bxd3 Nxd3 25. Rc2 N3f4 26. Nd4 Nxc3 27. Rxc3 Rxd4 28. Rc2 h6 29. Bc5 Rd5 30. b6 c6 31. Bf2 Rb5 32. Bg3 Ne2+ 33. Kf2 Nxg3 34. Kxg3 Rxb6 35. Ra7 Rb4 36. Rd2 Kf8 37. Rd7 Rb8 38. Rc7 g6 39. Kf2 Kg7 40. h3 Kf6 41. g4 Ke6 42. Kg3 Rb3 43. Kf4 Rb4+ 44. Kg3 f5 45. Rh7 f4+ 46. Kh4 c5 47. Rxh6 Kf6 48. Ra1 c4 49. Rd1 Rb6 50. Rd4 c3 51. g5+ Ke5 52. Re4+ Kd5 53. Rh7 c2 54. Rhe7 c1=Q 55. R7e5+ Kc6 56. Re6+ Kb5 57. R6e5+ Qc5 58. Re7 Qc1 59. R7e5+ Qc5 0-1